 Dungeon Crawl Stone Soup version 0.26-a0-540-g8a0c9464d7 (webtiles) character file.

Game seed: 14374964543607890167

48 HoaS the Chopper (level 3, -2/31 HPs)
             Began as a Hill Orc Berserker on Aug 19, 2020.
             Was a Believer of Trog.
             Slain by a kobold
             ... wielding a +1 short sword of electrocution
              (8 damage)
             ... on level 2 of the Dungeon.
             The game lasted 00:03:18 (1522 turns).

HoaS the Chopper (Hill Orc Berserker)               Turns: 1522, Time: 00:03:19

Health: -2/31      AC:  3    Str: 20    XL:     3   Next: 72%
Magic:  3/3        EV: 11    Int:  7    God:    Trog [**....]
Gold:   124        SH:  0    Dex: 10    Spells: 2/2 levels left

rFire    . . .     SeeInvis .   a - +0 hand axe
rCold    . . .     Faith    .   (no shield)
rNeg     . . .     Spirit   .   f - +0 leather armour
rPois    .         Reflect  .   (no helmet)
rElec    .         Harm     .   (no cloak)
rCorr    .                      (no gloves)
MR       .....                  (no boots)
Stlth    +.........             (no amulet)
HPRegen  0.10/turn              (no ring)
MPRegen  0.08/turn              (no ring)

@: no status effects
A: no striking features
a: Berserk, Trog's Hand, Renounce Religion


You were on level 2 of the Dungeon.
You worshipped Trog.
Trog was pleased with you.
You visited 1 branch of the dungeon, and saw 2 of its levels.

You collected 124 gold pieces.

Inventory:

Hand Weapons
 a - a +0 hand axe (weapon)
Armour
 f - a +0 leather armour (worn)
Potions
 b - a potion of curing {unknown}
 c - a potion of flight {unknown}
 d - a potion of haste {unknown}
 e - a potion of magic {unknown}


   Skills:
 - Level 3.6 Fighting
 + Level 6.1 Axes
 - Level 2.1 Armour
 - Level 1.5 Dodging


You had 2 spell levels left.
You didn't know any spells.
Your spell library was empty.

Dungeon Overview and Level Annotations

Branches:
Dungeon (2/15)

Altars:


Message History

You slash the giant cockroach!
You kill the giant cockroach!
Trog accepts your kill.
No target in view!
No target in view!
You see here an inky potion.
A kobold is nearby!
The kobold throws a stone.
The stone hits you but does no damage.
The kobold hits you with a +1 short sword of electrocution.
You are electrocuted!
You see here a giant cockroach corpse.
You are too injured to fight recklessly!
You are too injured to fight recklessly!
You are too injured to fight recklessly!
You closely miss the kobold. The kobold hits you but does no damage.
You are electrocuted!
* * * LOW HITPOINT WARNING * * *
You closely miss the kobold. The kobold hits you but does no damage.
You are electrocuted!
You die...

#.#...... . #.......#
..##........
#.....#...#############
#.......†..............
#.....###...###........
#!................
#.#<..†....#.#..##
#@########.#.#..##
#...K.#........#.#....
........#.#####.........
........# ..............
........# #.............
........# #.............
........................
..................>..##.
...............


You could see a kobold.

Vanquished Creatures
  An adder (D:2)
  A dart slug (D:2)
  2 giant cockroaches
  8 goblins
  4 hobgoblins
  A quokka (D:2)
  8 bats
  4 frilled lizards
  5 kobolds
  3 rats
37 creatures vanquished.

Notes
Turn   | Place    | Note
-------+----------+-------------------------------------------
     0 | D:1      | HoaS the Hill Orc Berserker began the quest for the Orb.
     0 | D:1      | Reached XP level 1. HP: 19/19 MP: 1/1
   259 | D:1      | Reached XP level 2. HP: 18/26 MP: 2/2
   437 | D:1      | Reached skill level 5 in Axes
   887 | D:1      | Reached ** piety under Trog
   982 | D:1      | Reached XP level 3. HP: 30/31 MP: 3/3
  1513 | D:2      | Reached skill level 6 in Axes
  1522 | D:2      | Slain by a kobold

Illustrated notes

Levels and vault maps discovered:
D:1:      dpeg_arrival_subterranean_lakeside_camping, layout_basic,
          serial_bayou_crossing
D:2:      layout_basic, lemuel_coloured_pillars_altar

Skill      XL: |  1  2  3 |
---------------+----------+-----
Axes           | 5 6 |  6.1
Fighting       | |  3.6
Armour         | |  2.1
Dodging        | |  1.5

Action                   || total
-------------------------++-------
Melee: Hand axe          ||   121
  Use: Scroll            ||     2
Armor: Animal skin       ||    14
       Leather armour    ||    24
Dodge: Dodged            ||    82

Table legend: (Time is in decaauts)
 A = Elapsed time spent in this place.
 B = Non-inter-level travel time spent in this place.
 C = Inter-level travel time spent in this place.
 D = Time resting spent in this place.
 E = Time spent auto-exploring this place.
 F = Levels seen in this place.
 G = Mean time per level.
                   A        B        C        D        E       F      G
               +--------+--------+--------+--------+--------+-----+--------+
         Total |   1537 |   1509 |     28 |    418 |    830 |   2 |  768.5 |
       Dungeon |   1537 |   1509 |     28 |    418 |    830 |   2 |  768.5 |
               +--------+--------+--------+--------+--------+-----+--------+

Top non-repeatable levels by time:
     D:1: 1275 daAuts
     D:2: 261 daAuts
